 Dungeon Crawl Stone Soup version 0.21.1-1-g345015fe64 (webtiles) character file.

581 Razbojnik the Vexing (level 7, -5/36 HPs)
             Began as a Deep Elf Conjurer on July 26, 2018.
             Was an Initiate of Vehumet.
             Slain by an ogre
             ... wielding a +0 giant club
              (27 damage)
             ... on level 5 of the Dungeon.
             The game lasted 00:23:25 (6112 turns).

Razbojnik the Vexing (Deep Elf Conjurer)            Turns: 6112, Time: 00:23:25

Health: -5/36      AC:  3    Str:  5    XL:     7   Next: 14%
Magic:  7/17       EV: 13    Int: 22    God:    Vehumet [......]
Gold:   211        SH:  0    Dex: 15    Spells: 7/17 levels left

rFire    . . .     SeeInvis .   n - +2 dagger (holy)
rCold    . . .     Gourm    +   (no shield)
rNeg     . . .     Faith    .   a - +0 robe
rPois    .         Spirit   .   (no helmet)
rElec    .         Reflect  .   u - +0 cloak
rCorr    .         Harm     .   (no gloves)
MR       .....                  (no boots)
Stlth    ++........             i - amulet of the gourmand
HPRegen  0.12/turn              (no ring)
MPRegen  0.15/turn              (no ring)

@: no status effects
A: no striking features
a: Renounce Religion


You were on level 5 of the Dungeon.
You worshipped Vehumet.
Vehumet was noncommittal.
You were not hungry.

You visited 2 branches of the dungeon, and saw 6 of its levels.

You collected 211 gold pieces.

Inventory:

Hand Weapons
 n - a +2 dagger of holy wrath (weapon)
 p - a +0 hunting sling
 I - a +0 trident
Missiles
 l - 48 sling bullets
 q - 5 poisoned javelins (quivered)
 y - 23 bolts
 B - 14 poisoned needles
 C - 2 needles of sleeping
 H - 2 tomahawks
Armour
 a - a +0 robe (worn)
 d - a cursed +0 shield
 m - a +0 leather armour
 u - a +0 cloak (worn)
Jewellery
 i - an amulet of the gourmand (around neck)
Scrolls
 f - a scroll of noise {unknown}
 g - 2 scrolls of immolation {unknown}
 h - a scroll of teleportation {unknown}
 j - 2 scrolls of remove curse {unknown}
 k - a scroll of amnesia {unknown}
 o - 2 scrolls of identify {unknown}
 r - a scroll of fear {unknown}
 A - 2 scrolls of fog {unknown}
 D - a scroll of enchant weapon {unknown}
 G - a scroll of magic mapping {unknown}
Potions
 e - a potion of lignification {unknown}
 s - 3 potions of agility
 t - 2 potions of curing {unknown}
 v - a potion of heal wounds {unknown}
 w - 2 potions of flight {unknown}
 x - a potion of degeneration {unknown}
 z - a potion of resistance {unknown}
 E - a potion of invisibility {unknown}
 F - a potion of might {unknown}
Books
 b - a book of Conjurations

   Spells                             Type                      Level
   a - Magic Dart                     Conjuration                  1
   b - Searing Ray                    Conjuration                  2
   c - Dazzling Spray                 Conjuration/Hexes            3
   d - Fulminant Prism                Conjuration/Hexes            4
   e - Force Lance                    Conjuration/Translocation    4
   f - Iskenderun's Mystic Blast      Conjuration                  4
Comestibles
 c - 6 rations


   Skills:
 - Level 1.1 Short Blades
 + Level 0.8 Throwing
 - Level 3.0 Dodging
 + Level 3.4 Stealth
 - Level 1.0 Shields
 + Level 5.8 Spellcasting
 - Level 5.4 Conjurations
 - Level 6.0 Hexes


You had 7 spell levels left.
You knew the following spells:

 Your Spells              Type           Power        Failure   Level  Hunger
a - Magic Dart            Conj           ####         1%          1    None
b - Searing Ray           Conj           ####..       1%          2    None
c - Dazzling Spray        Conj/Hex       ####..       2%          3    ##.....
d - Fulminant Prism       Conj/Hex       ####......   9%          4    ####...


Dungeon Overview and Level Annotations

Branches:
Dungeon (5/15)             Temple (1/1) D:5

Altars:
Ashenzari
Dithmenos
Elyvilon
Gozag
Hepliaklqana
Kikubaaqudgha
Makhleb
Nemelex Xobeh
Okawaru
Qazlal
Trog
Uskayaw
Vehumet
Xom
Zin
The Shining One

Annotations:
D:4 SlightEye's ghost, amateur FoFi


Message History

You finish channeling your searing ray.
The ogre shouts!
The phantom hits you!
Casting: Searing Ray
Confirm with . or Enter, or press ? or * to list all spells.
Aiming: Dazzling Spray
Press: ? - help, Shift-Dir - straight line, f/p - phantom
Aim: a phantom (severely damaged)
Okay, then.
Unknown command.
Casting: Dazzling Spray
Confirm with . or Enter, or press ? or * to list all spells.
Aiming: Dazzling Spray
Press: ? - help, Shift-Dir - straight line, f - ogre, p - phantom
Aim: an ogre, wielding a giant club The spray of energy hits the ogre.
The ogre is lightly wounded.
The phantom hits you.
The phantom blinks!
The ogre hits you with a giant club!!
Ouch! That really hurt!
You die...

###+### #.....#
#.⌠.⌠.####
+..>..'..#
#.⌠.⌠.##W#
#.....#..#
####'###§##
####.##.# #@#
#.......# #O#
#.####### #.#
.#.###.####### #%#
......<.....!# #..
...###..####.......
. ##.# #...# #.#
##.## #.# .#


You could see a phantom and an ogre.

Vanquished Creatures
  A jelly (D:3)
  2 orc priests (D:4)
  3 orc wizards
  Natasha (thrice) (D:2 D:3)
  3 worker ants
  8 gnolls
  7 adders
  2 oozes (D:3)
  4 worms
  2 dart slugs
  5 leopard geckos
  14 orcs
  3 ball pythons
  4 bats
  9 giant cockroaches
  9 goblins
  2 hobgoblins
  5 jackals (D:3)
  4 frilled lizards
  9 kobolds
  A leopard gecko skeleton (D:4)
  6 rats
106 creatures vanquished.

Vanquished Creatures (others)
  9 fulminant prisms
9 creatures vanquished.

Grand Total: 115 creatures vanquished

Notes
Turn   | Place    | Note
-------+----------+-------------------------------------------
     0 | D:1      | Razbojnik the Deep Elf Conjurer began the quest for the Orb.
     0 | D:1      | Reached XP level 1. HP: 10/10 MP: 6/6
   224 | D:1      | Reached XP level 2. HP: 11/15 MP: 1/8
   228 | D:1      | Learned a level 2 spell: Searing Ray
  1130 | D:2      | Noticed Natasha
  1167 | D:1      | Reached skill level 5 in Conjurations
  1167 | D:1      | Reached XP level 3. HP: 12/19 MP: 2/10
  1172 | D:1      | Learned a level 3 spell: Dazzling Spray
  1502 | D:2      | Found a stormy altar of Qazlal.
  1554 | D:2      | Killed Natasha
  1554 | D:2      | Reached XP level 4. HP: 24/24 MP: 4/12
  1720 | D:2      | Found a hide-covered altar of Uskayaw.
  1766 | D:2      | Reached skill level 5 in Spellcasting
  1818 | D:2      | Reached skill level 1 in Hexes
  2976 | D:2      | Found a hide-covered altar of Uskayaw.
  3030 | D:2      | Reached skill level 2 in Hexes
  3031 | D:2      | HP: 1/24 [gnoll/flail (6)]
  3400 | D:2      | Reached XP level 5. HP: 28/28 MP: 10/14
  3406 | D:2      | Learned a level 4 spell: Fulminant Prism
  3432 | D:2      | Reached skill level 3 in Hexes
  3895 | D:3      | Reached skill level 4 in Hexes
  4312 | D:3      | Reached skill level 5 in Hexes
  4345 | D:3      | Reached XP level 6. HP: 32/32 MP: 4/15
  4441 | D:3      | Noticed Natasha
  4447 | D:3      | Killed Natasha
  4530 | D:3      | Noticed Natasha
  4533 | D:3      | Killed Natasha
  4533 | D:3      | Reached skill level 6 in Hexes
  4900 | D:3      | Found a sparkling altar of Nemelex Xobeh.
  4971 | D:4      | Noticed SlightEye's ghost (amateur FoFi)
  5331 | D:4      | Found a shattered altar of Ashenzari.
  5336 | D:4      | Reached skill level 1 in Shields
  5403 | D:4      | Reached skill level 1 in Short Blades
  5702 | D:4      | Reached XP level 7. HP: 22/36 MP: 11/17
  5888 | D:4      | Found a glowing golden altar of the Shining One.
  6062 | D:5      | Entered Level 5 of the Dungeon
  6073 | D:5      | Found a staircase to the Ecumenical Temple.
  6080 | Temple   | Entered the Ecumenical Temple
  6085 | Temple   | Became a worshipper of Vehumet
  6112 | D:5      | Slain by an ogre

Skill      XL: |  1  2  3  4  5  6 |
---------------+-------------------+-----
Spellcasting   | 4 5 |  5.8
Conjurations   | 5 |  5.4
Hexes          | 2 5 6 |  6.0
Stealth        | 3 |  3.4
Shields        | 1 |  1.0
Short Blades   | 1 |  1.1
Dodging        | 3 |  3.0
Throwing       | |  0.8

Action                   |  1- 3 |  4- 6 |  7- 9 || total
-------------------------+-------+-------+-------++-------
Melee: Dagger            |       |    14 |     1 ||    15
 Cast: Magic Dart        |    47 |    71 |     4 ||   122
       Searing Ray       |     5 |    18 |     2 ||    25
       Dazzling Spray    |       |     8 |     1 ||     9
       Fulminant Prism   |       |     8 |     1 ||     9
 Stab: Sleeping          |       |     3 |     1 ||     4
  Eat: Chunk             |     2 |    10 |     2 ||    14
       Ration            |       |     1 |       ||     1
Armor: Robe              |       |     5 |     1 ||     6
Dodge: Dodged            |     5 |    39 |     1 ||    45
